AoeStats
← Sparten gio

QS Arena

503250914Analyzed
4v4 RM · 1mo ago on Aug 30, 2026· 60m 26s· 8 players
Game mode
Random Map
Map size
Large (8 player)
Population
200
Speed
Normal
Resources
Standard
Victory
Conquest
Starting age
Dark Age
Ending age
Imperial Age
RankedLock teamsTeams togetherTeam positionsShared explorationLock speedFull tech treeHidden civsTurbo modeCheats
Victory
Defeat
🇧🇷 Saracens · Brazil
905
+17
🇨🇴 Teutons · Colombia
888
+17
🇺🇸 Spanish · United States
873
+18
🇧🇷 Britons · Brazil
846
+19
🇦🇷 Hindustanis · Argentina
935
-19
🇬🇧 Jurchens · United Kingdom
927
-18
🇨🇱 Mongols · Chile
908
-17
🇨🇿 Italians · Czechia
897
-17
Deryuro
1:36 Loom
11:14 Feudal Age
13:32 Town Watch
14:21 Double-Bit Axe
14:20 Horse Collar
22:06 Castle Age
21:23 Fletching
21:35 Padded Archer Armor
21:48 Forging
21:39 Scale Mail Armor
22:27 Arson
23:46 Heavy Plow
23:59 Bow Saw
23:25 Elite Skirmisher
23:37 Pikeman
27:49 Squires
30:54 Imperial Age
32:08 Bloodlines
31:19 Cavalier
31:25 Halberdier
33:28 Iron Casting
33:09 Chain Mail Armor
33:00 Scale Barding Armor
32:57 Caravan
33:55 Wheelbarrow
37:00 Hand Cart
37:54 Chain Barding Armor
39:33 Blast Furnace
41:43 Conscription
44:04 Plate Mail Armor
46:25 Two-Man Saw
46:37 Onager
49:17 Elite Teutonic Knight
52:11 Bodkin Arrow
52:32 Leather Archer Armor
antzostef
8:26 Feudal Age
10:28 Double-Bit Axe
10:31 Horse Collar
13:55 Loom
16:21 Castle Age
15:53 Stone Mining
15:53 Gold Mining
21:56 Bow Saw
23:13 Wheelbarrow
22:49 Heavy Plow
24:21 Pikeman
29:37 Husbandry
29:47 Bloodlines
29:48 Scale Barding Armor
29:53 Forging
30:02 Hand Cart
31:00 Gold Shaft Mining
30:57 Bimaristan
32:19 Chain Barding Armor
32:34 Iron Casting
32:51 Loom
37:18 Imperial Age
35:05 Light Cavalry
37:44 Squires
37:22 Heavy Camel Rider
37:42 Capped Ram
37:42 Onager
39:18 Plate Barding Armor
39:43 Blast Furnace
38:46 Scale Mail Armor
39:26 Siege Ram
40:32 Counterweights
40:21 Herbal Medicine
40:37 Fervor
42:03 Siege Engineers
41:40 Treadmill Crane
42:11 Masonry
43:02 Chemistry
42:23 Ballistics
43:45 Fletching
45:07 Two-Man Saw
50:18 Caravan
54:14 Coinage
54:55 Hussar
Big Tiozao
7:45 Feudal Age
14:28 Castle Age
12:52 Double-Bit Axe
13:00 Horse Collar
13:32 Stone Mining
14:18 Gold Mining
15:12 Loom
18:43 Fletching
19:52 Bodkin Arrow
20:27 Padded Archer Armor
23:43 Wheelbarrow
28:48 Imperial Age
30:01 Hand Cart
30:08 Hand Cart
29:57 Bracer
30:12 Leather Archer Armor
30:22 Yeomen
32:31 Yeomen
33:09 Gold Shaft Mining
32:46 Bow Saw
33:32 Murder Holes
34:38 Chemistry
33:59 Ballistics
36:17 Two-Man Saw
34:42 Elite Longbowman
40:37 Conscription
40:53 Ring Archer Armor
40:39 Fortified Wall
40:41 Masonry
40:11 Treadmill Crane
40:19 Arrowslits
41:00 Caravan
41:11 Town Watch
41:16 Pikeman
41:57 Squires
41:43 Arson
42:00 Scale Mail Armor
42:10 Forging
41:49 Gambesons
43:48 Architecture
43:05 Halberdier
45:45 Warwolf
46:33 Iron Casting
46:13 Chain Mail Armor
47:35 Hoardings
52:14 Coinage
51:55 Guilds
54:16 Blast Furnace
53:46 Plate Mail Armor
59:31 Heated Shot
59:52 Siege Engineers
Sparten gio
7:51 Feudal Age
8:41 Loom
9:36 Double-Bit Axe
13:17 Horse Collar
17:08 Castle Age
15:27 Fletching
17:03 Stone Mining
20:36 Scale Barding Armor
21:21 Heavy Plow
32:05 Imperial Age
29:27 Town Watch
29:50 Gold Mining
33:48 Chemistry
33:15 Bow Saw
58:53 Conscription
Ñorda
0:35 Loom
9:46 Feudal Age
10:39 Double-Bit Axe
10:37 Horse Collar
11:12 Gold Mining
13:29 Forging
13:25 Scale Barding Armor
18:19 Castle Age
16:24 Stone Mining
20:29 Bow Saw
20:22 Heavy Plow
22:45 Iron Casting
22:11 Scale Mail Armor
24:43 Chain Mail Armor
32:49 Imperial Age
34:36 Elite Ghulam
37:15 Heavy Camel Rider
37:57 Husbandry
38:08 Bloodlines
39:01 Blast Furnace
40:47 Imperial Camel Rider
44:02 Wheelbarrow
46:42 Squires
46:08 Pikeman
46:15 Pikeman
46:41 Arson
51:05 Chain Barding Armor
Mistydeath
9:49 Feudal Age
11:09 Wheelbarrow
10:16 Horse Collar
10:24 Double-Bit Axe
16:08 Castle Age
14:26 Stone Mining
15:19 Gold Mining
15:17 Loom
15:17 Town Watch
17:10 Hand Cart
16:59 Heavy Plow
17:15 Bow Saw
28:28 Imperial Age
26:33 Forging
27:10 Scale Mail Armor
29:31 Thunderclap Bombs
29:44 Conscription
30:05 Squires
29:54 Arson
29:56 Gambesons
31:11 Gold Shaft Mining
31:35 Iron Casting
31:22 Bloodlines
31:18 Husbandry
31:30 Elite Iron Pagoda
32:01 Pikeman
32:53 Scale Barding Armor
33:00 Town Patrol
33:59 Chain Barding Armor
33:28 Elite Fire Lancer
36:07 Chain Mail Armor
37:56 Blast Furnace
37:22 Halberdier
38:18 Capped Ram
39:23 Padded Archer Armor
39:13 Fletching
40:54 Ballistics
40:40 Siege Engineers
44:16 Plate Barding Armor
43:59 Leather Archer Armor
45:43 Two-Man Saw
46:34 Elite Skirmisher
47:45 Bodkin Arrow
48:20 Ring Archer Armor
49:00 Light Cavalry
50:37 Hussar
51:01 Heavy Scorpion
52:00 Man-at-Arms
53:19 Caravan
54:25 Crop Rotation
Tomas18078
1:17 Loom
8:25 Feudal Age
9:00 Double-Bit Axe
9:03 Town Watch
10:22 Horse Collar
18:11 Castle Age
16:05 Gold Mining
17:02 Stone Mining
17:49 Padded Archer Armor
18:00 Fletching
19:38 Wheelbarrow
19:58 Heavy Plow
19:33 Elite Skirmisher
22:12 Ballistics
22:04 Masonry
22:18 Ballistics
24:17 Man-at-Arms
31:34 Imperial Age
29:05 Bodkin Arrow
31:09 Bow Saw
32:01 Hand Cart
32:08 Leather Archer Armor
31:54 Scale Mail Armor
32:11 Forging
31:30 Long Swordsman
33:04 Architecture
33:40 Chemistry
34:00 Crop Rotation
34:33 Two-Man Saw
34:09 Bracer
35:06 Ring Archer Armor
34:39 Murder Holes
34:25 Treadmill Crane
35:39 Thumb Ring
37:09 Bloodlines
36:59 Husbandry
36:20 Light Cavalry
37:31 Pikeman
38:11 Squires
38:47 Arson
38:22 Two-Handed Swordsman
40:00 Conscription
41:03 Chain Mail Armor
41:13 Elite Genoese Crossbowman
43:21 Two-Handed Swordsman
44:41 Silk Road
44:59 Hoardings
44:58 Plate Mail Armor
44:35 Scale Barding Armor
43:54 Hussar
46:14 Fortified Wall
47:24 Chain Barding Armor
47:40 Iron Casting
52:29 Onager
56:50 Crossbowman
58:17 Plate Barding Armor
the._.voice
6:01 Feudal Age
6:31 Double-Bit Axe
8:28 Wheelbarrow
9:52 Loom
15:16 Castle Age
14:05 Loom
17:03 Hand Cart
26:02 Stone Mining
30:18 Forging
30:13 Scale Barding Armor
35:11 Imperial Age
32:50 Husbandry
33:00 Bloodlines
34:03 Iron Casting
33:48 Chain Barding Armor
33:36 Gold Mining
35:04 Bow Saw
38:02 Light Cavalry
39:09 Fletching
39:19 Padded Archer Armor
40:54 Elite Steppe Lancer
42:12 Bodkin Arrow
44:10 Blast Furnace
44:43 Bracer
44:59 Leather Archer Armor
45:17 Parthian Tactics
44:59 Thumb Ring
45:30 Heavy Cavalry Archer
53:38 Elite Skirmisher
56:51 Chemistry
57:27 Ballistics
Connection lost

Rejoining the realm…

Still unreachable

The connection could not be restored.

Session expired

The server has moved on; the page needs a fresh start.